Map: Ephemeron LE

Players

IlIlIlIlIlIl

  • Race: Protoss Protoss
  • League: Master
  • Spawn Location: 11:00

Mez - Winner!

  • Race: Terran Terran
  • League: Master
  • Spawn Location: 5:00

VOD

Have the link to the VOD?

Description

Time

  • Played on: Sept. 3, 2019, 12:14 a.m.
  • Length: 9:24
Show
View Real Time Build Order
Export as new Build Order

IlIlIlIlIlIl Protoss 

Build Orders:  

Get SALT Encoding   

  12  0:01  Probe  
  13  0:13  Probe  
  14  0:17  Pylon  
  14  0:25  Probe  
  15  0:33  Probe  
  15  0:37  Gateway  
  15  0:41  Probe  
  17  0:51  Probe  
  18  0:57  Assimilator  
  18  1:00  Probe  
  19  1:08  Probe  
  20  1:21  Probe  
  20  1:22  Assimilator  
  20  1:24  Cybernetics Core  
  21  1:47  Nexus  
  21  1:48  Pylon  
  21  1:54  Stalker  
  21  2:01  Assimilator  
  21  2:05  Warp Gate  
  23  2:10  Probe  
  24  2:22  Probe  
  25  2:24  Pylon  
  25  2:32  Stalker  
  25  2:34  Probe  
  28  2:43  Robotics Facility  
  28  2:47  Probe  
  29  2:59  Probe  
  29  3:03  Stalker  
  32  3:17  Gateway  
  32  3:21  Gateway  
  32  3:23  Gateway  
  33  3:27  Immortal  
  36  3:52  Probe x2  
  36  3:54  Stalker  
  40  3:56  Pylon  
  40  4:03  Twilight Council  
  40  4:19  Warp Prism  
  40  4:32  Stalker x2  
  40  4:33  Stalker  
  44  4:55  Observer  
  43  5:06  Stalker  
  43  5:07  Stalker x2  
  43  5:11  Zealot  
  47  5:23  Charge  
  47  5:25  Probe x2  
  49  5:30  Zealot x3  
  49  5:33  Immortal  
  31  5:44  Probe x2  
  31  5:46  Assimilator  
  31  5:47  Assimilator  
  31  5:48  Zealot x2  
  31  5:49  Zealot x2  
  45  5:56  Probe x2  
  47  6:08  Probe  
  48  6:16  Stalker x2  
  48  6:17  Stalker  
  48  6:18  Probe, Zealot  
  55  6:19  Probe  
  57  6:26  Probe  
  57  6:27  Probe  
  59  6:35  Probe  
  59  6:36  Pylon  
  59  6:39  Pylon, Probe  
  61  6:47  Probe  
  62  6:55  Gateway  
  62  6:59  Zealot  
  62  7:00  Zealot x3  
  70  7:13  Shield Battery  
  70  7:17  Probe x2  
  71  7:24  Zealot x3  
  71  7:25  Zealot  
  61  7:38  Observer  
  54  7:45  Stalker  
  54  7:46  Zealot x3  
  46  7:59  Immortal  
  50  8:08  Gateway  
  50  8:09  Zealot x3  
  50  8:10  Gateway, Zealot  
  56  8:16  Templar Archives  
  56  8:39  Zealot x2  
  56  8:40  Zealot x2  
  64  8:42  Pylon  
  64  8:45  Pylon  
  64  8:58  High Templar x2  
  64  8:59  High Templar  
  64  9:01  High Templar  
  64  9:02  Archon  
  72  9:05  Archon  
  68  9:10  Zealot x2  
Show
View Real Time Build Order
Export as new Build Order

Mez Terran - Winner!

Build Orders: Reaper Expand 

Get SALT Encoding   

  12  0:00  SCV  
  13  0:13  SCV  
  14  0:17  Supply Depot  
  14  0:25  SCV  
  15  0:39  Barracks, SCV  
  16  0:46  Refinery  
  16  0:51  SCV  
  17  1:03  SCV  
  18  1:15  SCV  
  19  1:27  Orbital Command  
  19  1:29  Reaper  
  20  1:43  Command Center  
  20  1:52  Bunker  
  20  1:53  SCV  
  21  2:01  Marine  
  21  2:03  Supply Depot  
  21  2:06  SCV  
  23  2:20  Barracks Reactor  
  23  2:25  SCV  
  24  2:35  Command Center  
  25  2:47  Factory  
  25  2:50  SCV  
  25  3:00  Marine x2  
  25  3:04  Orbital Command  
  28  3:05  SCV  
  27  3:18  Refinery, Marine  
  27  3:19  Marine  
  29  3:21  SCV  
  30  3:30  SCV  
  30  3:32  Widow Mine  
  30  3:33  SCV  
  34  3:35  Starport  
  34  3:39  Refinery  
  33  3:44  SCV  
  33  3:47  Marine x2  
  36  3:50  Orbital Command  
  36  3:57  Widow Mine  
  36  3:59  SCV x2  
  40  4:11  SCV  
  40  4:12  SCV  
  40  4:15  Starport Tech Lab  
  42  4:19  Factory Tech Lab  
  42  4:21  Barracks  
  42  4:24  Marine x2, SCV x2  
  45  4:34  Bunker  
  45  4:35  Raven  
  45  4:42  Marine x2  
  45  4:47  SCV x2  
  43  4:54  Siege Tank  
  40  5:00  Marine x2  
  42  5:14  SCV x2  
  44  5:15  Barracks  
  44  5:25  SCV  
  44  5:26  SCV x2  
  44  5:27  Starport Reactor  
  39  5:45  Stimpack, Marine x2  
  39  5:46  Marauder, SCV x3  
  46  5:57  Factory Reactor  
  46  5:58  SCV x2  
  46  6:02  SCV, Engineering Bay x2  
  49  6:06  Medivac x2  
  49  6:10  SCV  
  54  6:14  SCV x2  
  54  6:16  Combat Shield  
  54  6:18  Marauder  
  58  6:22  SCV  
  58  6:25  Marauder  
  61  6:33  SCV x2, Marine x2  
  61  6:35  Supply Depot  
  61  6:37  Supply Depot  
  65  6:41  Refinery  
  65  6:44  Terran Infantry Armor Level 1, Terran Infantry Weapons Level 1  
  65  6:50  SCV x3  
  65  6:51  Marine  
  69  6:56  Marine x2  
  71  7:06  Marauder  
  71  7:07  Widow Mine x2  
  77  7:09  Marine  
  77  7:14  Marine  
  77  7:15  Marauder  
  66  7:33  Marine  
  66  7:34  Marine x2  
  66  7:35  Marine  
  58  7:51  Widow Mine, Marine x3  
  58  7:53  Barracks x2, Marine  
  61  7:59  SCV  
  61  8:04  Concussive Shells  
  62  8:09  Marine x3  
  62  8:11  Marine  
  62  8:12  SCV x2  
  68  8:20  SCV  
  68  8:24  SCV  
  68  8:26  SCV  
  71  8:32  SCV  
  74  8:34  Marauder x2, Marine x2  
  74  8:36  Medivac x2  
  82  8:42  Barracks Tech Lab, Barracks Reactor  
  82  8:47  Orbital Command  
  82  8:48  Armory  
  82  8:53  SCV x2  
  85  8:56  Marine  
Tags
 
Add a new tag
Caveats
  • Supply blocks, unpowered buildings, or Contaminate may cause inaccurate times.
  • Supply counts are checked every 10 seconds.